 Dungeon Crawl Stone Soup version 0.16-a0-3154-g62f4276 (webtiles) character file.

120 thelaststarmaker the Insei (level 4, -2/31 HPs)
             Began as a Lacertilian Monk on Sept 9, 2015.
             Killed by divine providence
             ... invoked by an orc priest
              (15 damage)
             ... on level 3 of the Dungeon.
             The game lasted 00:09:14 (1672 turns).

thelaststarmaker the Insei (Lacertilian Monk)       Turns: 1672, Time: 00:09:14

Health: -2/31      AC:  6    Str: 12    XL:     4   Next: 75%
Magic:  3/3        EV: 14    Int: 11    God:
Gold:   84         SH:  0    Dex: 16    Spells: 0 memorised, 3 levels left

rFire  . . .     SeeInvis .       - Unarmed
rCold  . . .     Clarity  .     a - +0 robe
rNeg   . . .     SustAb   .     (no shield)
rPois  .         Gourm    .     (no helmet)
rElec  .         Spirit   .     (no cloak)
rCorr  .         Warding  .     (no gloves)
rMut   .         Stasis   .     p - +0 pair of boots
MR     .....                    (no amulet)
Stlth  +++.......               r - +1 ring of strength
                                k - ring of wizardry

@: not resistant to hostile enchantments, fairly stealthy
A: strong connection with the divine, slimy green scales 2, camouflage 1
a: no special abilities


You were on level 3 of the Dungeon.
You were not hungry.

You visited 1 branch of the dungeon, and saw 3 of its levels.

You collected 84 gold pieces.

Inventory:

Hand weapons
 d - a +0 dagger
 q - a +0 hand axe
 B - a +0 club
Missiles
 g - 12 sling bullets of flame
 i - 19 bolts of flame
 o - 7 javelins (quivered)
Armour
 a - a +0 robe (worn)
 p - a +0 pair of boots (worn)
 v - a +0 leather armour
Jewellery
 k - a ring of wizardry (left hand)
 r - a +1 ring of strength (right hand)
Magical devices
 A - a wand of frost (32)
Scrolls
 c - 4 scrolls of remove curse {unknown}
 e - a scroll of recharging {unknown}
 h - 3 scrolls of fear {unknown}
 j - a scroll of amnesia {unknown}
 m - a scroll of identify {unknown}
 y - a scroll of teleportation {unknown}
Potions
 f - a potion of curing {unknown}
 t - a potion of lignification {unknown}
 w - a potion of agility {unknown}
 x - a potion of magic {unknown}
 z - a potion of restore abilities {unknown}
 C - a potion of heal wounds {unknown}
Books
 u - a book of Geomancy

   Spells                             Type                      Level
   a - Sandblast                      Earth                        1
   b - Stoneskin                      Transmutation/Earth          2
   c - Passwall                       Transmutation/Earth          3
   d - Stone Arrow                    Conjuration/Earth            3
   e - Petrify                        Transmutation/Earth          4
   f - Lee's Rapid Deconstruction     Earth                        5
Comestibles
 b - a bread ration
 l - a meat ration
 n - 5 chunks of flesh
 s - 2 beef jerkies


   Skills:
 + Level 3.0 Fighting
 + Level 4.1 Dodging
 + Level 2.9 Stealth
 + Level 4.3 Unarmed Combat


You had 3 spell levels left.
You didn't know any spells.

Dungeon Overview and Level Annotations

Branches:
Dungeon (3/15)

Altars:
Elyvilon

Annotations:
D:1 runed door


Innate Abilities, Weirdness & Mutations

You have a strong connection with the divine.
You may change religions without suffering divine wrath.
You are mostly covered in slimy green scales (AC +3).
Your skin changes colour to match your surroundings (Stealth).


Message History

You hit the orc.
Your tail-slap misses the orc.
Your punch misses the orc.
The orc is moderately wounded.
The orc hits you with a short sword.
The orc priest utters an invocation to Beogh.
You feel a wave of unholy energy pass over you.
The orc closely misses you.
You hit the orc.
Your tail-slap misses the orc.
The orc is heavily wounded.
You hit the orc.
The orc is severely wounded.
The orc hits you. The orc misses you. The orc priest hits you with a club.
You hit the orc.
You kill the orc!
The orc barely misses you. The orc priest hits you with a club.
You hit the orc priest.
The orc priest is moderately wounded.
The orc closely misses you. The orc misses you.
The orc priest mumbles some strange prayers to Beogh against you.
Something smites you!
You die...

#.# #.# ############.#
## #............# .#
#.####.####### .# #.# .#
#.#####
.#####..###.....######.#
.#..............@o.....#
...#............oo..#..#
....##............##(..#
....#.#..........#.# ..#
.#...#.##......##.#.. #
......##.#....#. #...
.#....#.#.#..#.#. . ..
.#.....#.##..## .
........##....


You could see an orc priest and 2 orcs.

Vanquished Creatures
  An orc priest (D:3)
  Jessica (D:3)
  A giant mite (D:2)
  A worm (D:3)
  3 oozes (D:1)
  4 orcs (D:3)
  4 bats
  3 giant cockroaches (D:1)
  8 goblins
  2 hobgoblins (D:1)
  11 jackals (D:1)
  2 giant geckos
  3 giant newts
  7 rats
51 creatures vanquished.

Vanquished Creatures (others)
  A ball python (D:1)
  A hobgoblin (D:1)
2 creatures vanquished.

Grand Total: 53 creatures vanquished

Notes
Turn   | Place    | Note
--------------------------------------------------------------
     0 | D:1      | thelaststarmaker, the Lacertilian Monk, began the quest for the Orb.
     0 | D:1      | Reached XP level 1. HP: 15/15 MP: 1/1
     1 | D:1      | Found a runed door.
    38 | D:1      | Reached XP level 2. HP: 14/20 MP: 2/2
   254 | D:1      | Reached skill level 4 in Unarmed Combat
   411 | D:1      | Reached XP level 3. HP: 21/25 MP: 3/3
  1304 | D:2      | Found a white marble altar of Elyvilon.
  1535 | D:3      | Noticed Jessica
  1543 | D:3      | Killed Jessica
  1543 | D:3      | Reached XP level 4. HP: 30/30 MP: 3/3
  1672 | D:3      | Killed from afar by an orc priest

Action                   |  1- 3 |  4- 6 || total
-------------------------+-------+-------++-------
Melee: Unarmed           |   156 |    30 ||   186
Evoke: Wand              |       |     1 ||     1
 Stab: Sleeping          |     4 |     1 ||     5
  Eat: Chunk             |     2 |     1 ||     3
